 Dungeon Crawl Stone Soup version 0.30-a0-857-gcaf70739d4 (webtiles) character file.

Game seed: 14500775384748093354

6990 Pimp the Protected (level 10, -5/94 HPs)
             Began as an Armataur Fighter on Mar 5, 2023.
             Was a High Priest of Okawaru.
             Slain by a skeletal warrior
             ... wielding a +0 mace
              (25 damage)
             ... on level 9 of the Dungeon.
             The game lasted 00:15:15 (9007 turns).

Pimp the Protected (Armataur Fighter)               Turns: 9007, Time: 00:15:15

Health: -5/94      AC: 15    Str: 26    XL:     10   Next: 81%
Magic:  10/10      EV: 13    Int:  8    God:    Okawaru [*****.]
Gold:   136        SH:  6    Dex:  8    Spells: 9/9 levels left

rFire   + . .      SeeInvis .    a - +1 war axe
rCold   + + .      Faith    .    c - +0 buckler
rNeg    . . .      Spirit   .    x - +3 leather armour "Gis Qat Ynlu" {rC+}
rPois   .          Reflect  .    g - +1 helmet
rElec   +          Roll     +    (no cloak)
rCorr   .                        y - +3 pair of gloves "Zagobi" {Rampage rF+ rC+}
Will    .....                    (no barding)
Stlth   +                        (no amulet)
HPRegen 0.35/turn                n - +5 ring of evasion
MPRegen 0.12/turn                s - ring of flight

@: mighty, flying, studying Hexes
A: large, rugged brown scales 3, deformed body, armoured tail, roll, long
tongue, awkward tongue, stinger 1, clumsy 1, electricity resistance
a: Renounce Religion, Heroism, Finesse, Duel


You were on level 9 of the Dungeon.
You worshipped Okawaru.
Okawaru was extremely pleased with you.
You visited 2 branches of the dungeon, and saw 10 of its levels.

You collected 510 gold pieces.
You spent 374 gold pieces at shops.

Inventory:

Hand Weapons
 a - a +1 war axe (weapon)
 q - a +5 hand axe
Missiles
 j - an atropa-tipped dart
 t - a throwing net (quivered)
Armour
 b - a +0 scale mail
 c - a +0 buckler (worn)
 g - a +1 helmet (worn)
 x - the +3 leather armour "Gis Qat Ynlu" (worn) {rC+}
   (You found it on level 7 of the Dungeon)

   rC:        It protects you from cold.
 y - the +3 pair of gloves "Zagobi" (worn) {Rampage rF+ rC+}
   (You bought it in a shop on level 7 of the Dungeon)

   rF:        It protects you from fire.
   rC:        It protects you from cold.
   Rampage:   It bestows one free step when moving towards enemies.
Jewellery
 n - a +5 ring of evasion (left hand)
 s - a ring of flight (right hand)
Wands
 e - a wand of polymorph (6)
 o - a wand of light (6)
 w - a wand of mindburst (17)
 z - a wand of paralysis (9)
Scrolls
 l - 3 scrolls of teleportation
 m - 5 scrolls of identify
 p - a scroll of summoning
Potions
 d - 2 potions of brilliance
 f - 2 potions of curing
 h - 2 potions of lignification
 k - 2 potions of attraction
 A - a potion of resistance {unknown}
Miscellaneous
 r - a piece from Xom's chessboard (14/15)


   Skills:
 + Level 8.2 Fighting
 + Level 7.1 Axes
 + Level 10.7 Armour
 + Level 9.8 Shields


You had 9 spell levels left.
You didn't know any spells.
Your spell library contained the following spells:

 Spells                   Type           Power      Damage    Failure   Level
 Apportation              Tloc           0%         N/A       50%         1
 Freeze                   Ice            0%         1d3       50%         1
 Lesser Beckoning         Tloc           0%         N/A       63%         2
 Dazzling Flash           Conj/Hex       0%         N/A       86%         3
 Frozen Ramparts          Ice            0%         1d1       86%         3
 Gell's Gravitas          Tloc           0%         N/A       86%         3
 Hailstorm                Conj/Ice       0%         3d3       86%         3
 Teleport Other           Tloc           0%         N/A       86%         3
 Agony                    Necr           0%         N/A       100%        5
 Alistair's Intoxication  Tmut/Pois      0%         N/A       100%        5
 Silence                  Hex/Air        0%         N/A       100%        5


Dungeon Overview and Level Annotations

Branches:
Dungeon (9/15)             Temple (1/1) D:4
   Lair: D:8-11         Orc: D:9-12

Altars:
Ashenzari
Cheibriados
Dithmenos
Elyvilon
Fedhas
Gozag
Hepliaklqana
Kikubaaqudgha
Makhleb
Nemelex Xobeh
Okawaru
Qazlal
Ru
Sif Muna
Uskayaw
Vehumet
Wu Jian
Xom
Yredelemnul
Zin
The Shining One

Shops:
D:2 !   D:7 *(


Innate Abilities, Weirdness & Mutations

You are completely covered in rugged brown scales. (AC +3, +7% HP)
Armour fits poorly on your strangely shaped body.
You have a long armoured tail.
You roll when moving toward enemies. (Rampage)
Your long tongue fully drains potion bottles. (2x potion effects)
Your tongue gives you trouble enunciating. (1.5x scroll delay)
Your tail ends in a venomous barb.
You are clumsy. (Dex -2)
You are resistant to electric shocks. (rElec)


Message History

The catoblepas breathes a plume of calcifying dust at you.
The blast of calcifying dust hits you.
Your Fighting skill increases to level 8!
Your Axes skill increases to level 7!
You barely miss the skeletal warrior. You closely miss something.
You slash the catoblepas!
You kill the catoblepas!
Okawaru is honoured by your kill.
You are engulfed in calcifying dust.
You are slowing down.
The skeletal warrior hits you with a +0 mace!
Something hits you but does no damage.
You block the skeletal warrior's attack.
Your piece from Xom's chessboard (14/15) has regained one charge.
You hit the skeletal warrior.
The skeletal warrior is lightly damaged.
You slash something! Okawaru accepts your kill.
Reactivating autopickup.
You feel a bit more experienced.
You are engulfed in calcifying dust.
The skeletal warrior hits you with a +0 mace.
You have turned to stone.
You are engulfed in calcifying dust.
The skeletal warrior hits you with a +0 mace!
You are engulfed in calcifying dust.
The skeletal warrior hits you with a +0 mace.
You are engulfed in calcifying dust.
The skeletal warrior hits you with a +0 mace!
The skeletal warrior hits you with a +0 mace!
The skeletal warrior completely misses you.
The skeletal warrior hits you with a +0 mace! x3
* * * LOW HITPOINT WARNING * * *
The skeletal warrior hits you with a +0 mace!
* * * LOW HITPOINT WARNING * * *
You turn to flesh and can move again.
The skeletal warrior closely misses you.
You slash the skeletal warrior!
The skeletal warrior is lightly damaged.
The skeletal warrior hits you with a +0 mace!!
You die...

..........................
...........................
............................
.............................
.............................
....^....................)...
............).................
..............................
............z@................
..............................
.........................))..
.##..##......................
##....#...............))...
#....##...................
#Y..####..................
...... #..................
.z.###. #.................


You could see a skeletal warrior.

Vanquished Creatures
  Gastronok (D:8)
  A two-headed ogre (D:9)
  A catoblepas (D:9)
  Psyche (D:8)
  2 hornets (D:8)
  A wyvern (D:8)
  Eustachio (D:5)
  Menkaure (D:4)
  An acid dragon (D:9)
  3 water moccasins
  2 sky beasts
  4 ice beasts (D:7)
  An orc warrior (D:6)
  4 ogres
  2 black bears
  2 phantoms
  2 centaurs
  3 kobold brigands
  3 bullfrogs (D:8)
  3 scorpions
  8 wights
  5 killer bees (D:9)
  2 electric eels (D:6)
  4 orc priests
  5 hounds
  Terence (D:2)
  2 sleepcaps
  2 iguanas
  5 orc wizards
  3 adders
  3 white imps (D:8)
  3 worms
  3 dart slugs
  13 orcs
  6 ball pythons
  3 bats
  6 endoplasms
  A giant cockroach (D:2)
  A goblin (D:2)
  3 hobgoblins
  8 jackals (D:4)
  A quokka (D:1)
  2 frilled lizards (D:1)
  20 kobolds
  8 rats
157 creatures vanquished.

Vanquished Creatures (others)
  6 plants
6 creatures vanquished.

Grand Total: 163 creatures vanquished

Notes
Turn   | Place    | Note
-------+----------+-------------------------------------------
     0 | D:1      | Pimp the Armataur Fighter began the quest for the Orb.
     0 | D:1      | Reached XP level 1. HP: 19/19 MP: 1/1
   175 | D:1      | Reached XP level 2. HP: 26/26 MP: 2/2
   270 | D:1      | You fall into a shaft and drop 1 floor!
   600 | D:1      | Found a faded altar of an unknown god.
   987 | D:2      | Found Dumal's Distillery.
   995 | D:2      | Bought a potion of heal wounds for 50 gold pieces
   995 | D:2      | Bought a potion of curing for 30 gold pieces
  1006 | D:2      | Reached skill level 4 in Armour
  1123 | D:2      | Reached XP level 3. HP: 29/33 MP: 3/3
  1158 | D:2      | Noticed Terence
  1170 | D:2      | Killed Terence
  1511 | D:3      | Reached XP level 4. HP: 39/40 MP: 4/4
  2205 | D:3      | Found a glowing drain.
  2218 | D:3      | Reached XP level 5. HP: 42/48 MP: 5/5
  2617 | D:4      | Reached skill level 5 in Armour
  2698 | D:4      | Found a staircase to the Ecumenical Temple.
  2698 | D:4      | Noticed a black bear
  2706 | D:4      | Killed a black bear
  2707 | D:4      | Reached XP level 6. HP: 49/55 MP: 6/6
  2726 | Temple   | Entered the Ecumenical Temple
  2738 | Temple   | Became a worshipper of Warmaster Okawaru
  2794 | D:4      | Found a radiant altar of Vehumet.
  2831 | D:4      | Noticed Menkaure
  2841 | D:4      | Killed Menkaure
  2842 | D:4      | Reached skill level 5 in Shields
  3206 | D:5      | Entered Level 5 of the Dungeon
  3249 | D:5      | Reached XP level 7. HP: 30/64 MP: 7/7
  3493 | D:5      | Noticed Eustachio
  3507 | D:5      | Reached * piety under Okawaru
  3508 | D:5      | Reached skill level 6 in Armour
  3538 | D:5      | Killed Eustachio
  3679 | D:5      | Found the +2 Maxwell's thermic engine {flame, freeze}
  4035 | D:5      | Reached skill level 5 in Fighting
  4111 | D:5      | Reached XP level 8. HP: 51/72 MP: 8/8
  4202 | D:5      | Found a snail-covered altar of Cheibriados.
  4880 | D:6      | Reached ** piety under Okawaru
  4881 | D:6      | Reached skill level 7 in Armour
  5443 | D:6      | Reached skill level 5 in Axes
  5754 | D:6      | Reached skill level 8 in Armour
  5754 | D:6      | Reached XP level 9. HP: 47/80 MP: 9/9
  6004 | D:6      | Found a shimmering altar of Xom.
  6005 | D:6      | Found a hazy altar of Hepliaklqana.
  6006 | D:6      | Noticed a spectral ugly thing
  6139 | D:7      | Reached *** piety under Okawaru
  6674 | D:7      | Found Bopiq's Hydra Hut.
  6677 | D:7      | Noticed a six-headed hydra
  6768 | D:7      | Found Zyfryvee's Assorted Antiques.
  6782 | D:7      | Bought a scroll labelled VUNTIOT DAMIJY for 28 gold pieces
  6782 | D:7      | Bought a pair of faintly glowing gloves for 266 gold pieces
  6782 | D:7      | Identified the +3 pair of gloves "Zagobi" {Rampage rF+ rC+}
                  | (You bought it in a shop on level 7 of the Dungeon)
  6788 | D:7      | Identified the +3 leather armour "Gis Qat Ynlu" {rC+}
  7466 | D:8      | Reached skill level 9 in Armour
  7473 | D:8      | Noticed Psyche
  7478 | D:8      | Noticed Gastronok
  7484 | D:8      | Killed Psyche
  7484 | D:8      | Reached **** piety under Okawaru
  7496 | D:8      | Killed Gastronok
  7496 | D:8      | Received a gift from Okawaru
  7497 | D:8      | Reached XP level 10. HP: 82/92 MP: 10/10
  7536 | D:8      | Gained mutation: You have sharp fingernails. [potion of
                  | mutation]
  7536 | D:8      | Gained mutation: You occasionally lose the ability to drink
                  | potions when taking damage. [potion of mutation]
  7536 | D:8      | Gained mutation: You do not regenerate when monsters are
                  | visible. [potion of mutation]
  7536 | D:8      | Gained mutation: You are covered in fur. (AC +1) [potion of
                  | mutation]
  7536 | D:8      | Gained mutation: You are somewhat resistant to further
                  | mutation. [potion of mutation]
  7537 | D:8      | Lost mutation: You are somewhat resistant to further
                  | mutation. [potion of mutation]
  7537 | D:8      | Lost mutation: You are covered in fur. (AC +1) [potion of
                  | mutation]
  7537 | D:8      | Lost mutation: You do not regenerate when monsters are
                  | visible. [potion of mutation]
  7537 | D:8      | Lost mutation: You occasionally lose the ability to drink
                  | potions when taking damage. [potion of mutation]
  7537 | D:8      | Lost mutation: You have sharp fingernails. [potion of
                  | mutation]
  7537 | D:8      | Gained mutation: Your tail ends in a venomous barb. [potion
                  | of mutation]
  7537 | D:8      | Gained mutation: You are clumsy. (Dex -2) [potion of
                  | mutation]
  7537 | D:8      | Gained mutation: You are resistant to electric shocks.
                  | (rElec) [potion of mutation]
  7617 | D:8      | Paralysed by a hornet for 1 turns
  7795 | D:8      | Found a burning altar of Makhleb.
  7802 | D:8      | Found a basalt altar of Yredelemnul.
  7996 | D:8      | Paralysed by a hornet for 1 turns
  8178 | D:8      | Reached skill level 10 in Armour
  8966 | D:9      | Noticed a two-headed ogre
  8969 | D:9      | Noticed a catoblepas
  8970 | D:9      | Noticed a skeletal warrior
  8994 | D:9      | Killed a two-headed ogre
  8994 | D:9      | Reached ***** piety under Okawaru
  8995 | D:9      | Killed a catoblepas
  9007 | D:9      | Slain by a skeletal warrior

Illustrated notes

Levels and vault maps discovered:
D:1:      eino_arrival_water_star, layout_basic,
          hellmonk_ecumenical_altar_zigzags
D:2:      layout_rooms, serial_shops, shop, hangedman_decor_opposing,
          uniq_terence
D:3:      layout_basic, cheibrodos_sewer_entry_bend, minmay_misc_feat_five
D:4:      layout_rooms, lemuel_crystal_altar, minmay_temple_entry_arrows,
          chequers_serial_rivers_small_a, uniq_menkaure
D:5:      layout_loops_corners, kennysheep_mini, st_stairs_12, uniq_eustachio
D:6:      layout_basic, regret_index_temple_of_mockery, serial_bayou_ford_a
D:7:      layout_layer_cave, serial_shops, nicolae_shop_stone,
          doesnt_shop_hydraphobe
D:8:      layout_loops_corners, amethyst_overflow_temple_binary,
          minmay_misc_feat_more_columns, uniq_gastronok, uniq_psyche
D:9:      layout_layer_cave, lightli_temple_of_fire, chequers_jeans, minmay_bent
Temple:   nicolae_temple_no_exploring_needed

Skill      XL: |  1  2  3  4  5  6  7  8  9 10 |
---------------+-------------------------------+-----
Armour         | 4 5 6 8 9 10 | 10.7
Fighting       | 3 4 5 6 7 8 |  8.2
Axes           | 2 3 4 5 6 7 |  7.1
Shields        | 4 5 6 7 8 9 |  9.8

Action                     |  1- 3 |  4- 6 |  7- 9 | 10-12 || total
---------------------------+-------+-------+-------+-------++-------
  Melee: War axe           |    54 |    89 |   304 |    90 ||   537
         Tailslap          |     2 |     9 |    38 |    12 ||    61
         Unarmed           |       |       |    17 |     4 ||    21
  Evoke: Piece from Xom's  |       |       |       |     2 ||     2
    Use: Scroll            |     3 |     5 |     5 |     1 ||    14
         Potion            |     2 |     2 |     2 |    12 ||    18
   Stab: Confused          |       |       |     4 |       ||     4
 Armour: Scale mail        |    29 |    42 |   128 |       ||   199
         Leather armour    |       |       |    16 |    58 ||    74
         Skin              |       |       |     6 |     1 ||     7
  Dodge: Dodged            |    13 |    71 |   238 |    94 ||   416
  Block: Buckler           |     8 |    20 |    61 |    37 ||   126

Table legend: (Time is in decaauts)
 A = Elapsed time spent in this place.
 B = Non-inter-level travel time spent in this place.
 C = Inter-level travel time spent in this place.
 D = Time resting spent in this place.
 E = Time spent auto-exploring this place.
 F = Levels seen in this place.
 G = Mean time per level.
                   A        B        C        D        E       F      G
               +--------+--------+--------+--------+--------+-----+--------+
         Total |   9197 |   8738 |    459 |   1754 |   5482 |  10 |  919.7 |
       Dungeon |   9177 |   8718 |    459 |   1754 |   5482 |   9 | 1019.7 |
        Temple |     20 |     20 |      0 |      0 |      0 |   1 |   20.0 |
               +--------+--------+--------+--------+--------+-----+--------+

Top non-repeatable levels by time:
     D:5: 1626 daAuts
     D:8: 1395 daAuts
     D:6: 1347 daAuts
     D:3: 1022 daAuts
     D:7: 919 daAuts
     D:1: 854 daAuts
     D:4: 709 daAuts
     D:2: 655 daAuts
     D:9: 647 daAuts
  Temple: 20 daAuts
